 Dungeon Crawl Stone Soup version 0.28-a0-1395-g4f6bc678fa (webtiles) character file.

Game seed: 9134275209050660775

320 Delamore the Cudgeller (level 6, -3/38 HPs)
             Began as a Gargoyle Fighter on Jan 4, 2022.
             Was an Initiate of Gozag.
             Slain by an orc warrior (19 damage)
             ... on level 4 of the Dungeon.
             The game lasted 00:03:04 (3233 turns).

Delamore the Cudgeller (Gargoyle Fighter)           Turns: 3233, Time: 00:03:04

Health: -3/38      AC: 15    Str: 21    XL:     6   Next: 46%
Magic:  6/6        EV:  7    Int:  9    God:    Gozag
Gold:   179        SH:  5    Dex: 18    Spells: 5/5 levels left

rFire   + . .      SeeInvis .   n - +6 war axe of Umoesi Sotu {vamp, rF+ Dex+3}
rCold   . . .      Faith    .   c - +0 buckler
rNeg    + . .      Spirit   .   j - +0 chain mail
rPois   ∞          Reflect  .   (no helmet)
rElec   +          Harm     .   r - +1 cloak
rCorr   .          Rampage  .   (no gloves)
Will    .....                   (no boots)
Stlth   ..........              (no amulet)
HPRegen 0.12/turn               i - +6 ring of dexterity
MPRegen 0.10/turn               (no ring)

@: no status effects
A: sickness immunity, AC +4, negative energy resistance 1, electricity
resistance, torment resistance 1, petrification resistance
a: Renounce Religion, Potion Petition, Call Merchant, Bribe Branch


You were on level 4 of the Dungeon.
You worshipped Gozag.
Gozag was aware of your devotion.
You visited 1 branch of the dungeon, and saw 4 of its levels.

You collected 216 gold pieces.
You paid 37 gold pieces to Gozag.

Inventory:

Hand Weapons
 a - a +0 flail
 e - a +1 morningstar of draining
 n - the +6 war axe of Umoesi Sotu (weapon) {vamp, rF+ Dex+3}
   (You found it on level 2 of the Dungeon)

   It occasionally heals its wielder for a portion of the damage dealt when it
   wounds a living foe.
   Dex:       It affects your dexterity (+3).
   rF:        It protects you from fire.
Missiles
 g - 37 poisoned darts (quivered)
 l - 5 silver boomerangs
Armour
 b - a +0 scale mail
 c - a +0 buckler (worn)
 j - a +0 chain mail (worn)
 r - a +1 cloak (worn)
Jewellery
 i - a +6 ring of dexterity (left hand)
Wands
 p - a wand of flame (20)
Scrolls
 k - a scroll of brand weapon
 m - a scroll of enchant weapon
 o - a scroll of vulnerability {unknown}
 q - a scroll of teleportation {unknown}
Potions
 d - 3 potions of might
 f - 2 potions of curing
 h - a potion of heal wounds {unknown}
 s - a potion of lignification {unknown}


   Skills:
 - Level 4.1 Fighting
 + Level 5.9 Maces & Flails
 - Level 3.2 Armour
 - Level 4.0 Shields


You had 5 spell levels left.
You didn't know any spells.
Your spell library was empty.

Dungeon Overview and Level Annotations

Branches:
Dungeon (4/15)
 Temple: D:4-7

Altars:
Dithmenos
Gozag
Sif Muna
Uskayaw
Zin


Innate Abilities, Weirdness & Mutations

You are immune to sickness and miasma.
Your stone body is resilient. (AC +4)
You are immune to poison.
You resist negative energy. (rN+)
You are resistant to electric shocks. (rElec)
You are resistant to unholy torment.
You are immune to petrification.


Message History

You are too confused!
You are too confused!
You are too confused!
You are too confused!
You are too confused!
You are too confused!
You are too confused!
The orc wizard gestures at you while chanting.
The puff of flame hits you. You resist.
You closely miss the orc warrior.
The orc warrior is lightly wounded.
The orc warrior barely misses you.
You slash the orc warrior!
You feel better.
The orc warrior is heavily wounded.
The orc warrior hits you with a +0 dire flail.
The orc wizard is distracted by your dazzling golden aura.
You bump into the rock wall.
The orc warrior closely misses you.
The orc wizard shouts!
You slash the orc warrior!
You feel better.
The orc warrior is severely wounded.
You feel less confused.
The orc wizard is no longer distracted by gold.
The orc warrior barely misses you.
The orc warrior hits you with a +0 dire flail!
The orc wizard casts a spell.
The orc wizard flickers and vanishes!
Deactivating autopickup; reactivate with Ctrl-A.
You hit the orc warrior but do no damage.
The orc warrior is severely wounded.
You block the orc warrior's attack.
You hit the orc warrior.
The orc warrior is almost dead.
The orc warrior hits you with a +0 dire flail!
You block the orc warrior's attack.
You hit the orc warrior but do no damage.
The orc warrior is almost dead.
The orc warrior hits you with a +0 dire flail!!
Ouch! That really hurt!
You die...
Your body crumbles into a pile of gold.

.... #
#..########### #
#...#........ #
#.....##### .###.
....#...>...####
.....##
##.##.##....# #
....#
##..##.#####.####
....#..##..###.#
#..... #...{o@..#
#.. ######
#....o###.# ##.
...##.. #... .# #
##. ####.#.. ..
... ##$ ##


You could see an orc warrior and an orc.

Vanquished Creatures
  An ice beast (D:3)
  A scorpion (D:4)
  A hound (D:4)
  An iguana (D:4)
  An orc wizard (D:4)
  An adder (D:2)
  An ufetubus (D:4)
  2 worms (D:3)
  2 dart slugs
  An orc (D:3)
  3 endoplasms
  5 goblins
  8 hobgoblins
  2 jackals (D:3)
  2 quokkas
  9 ball pythons
  7 bats
  3 frilled lizards (D:1)
  6 kobolds
  4 rats
61 creatures vanquished.

Notes
Turn   | Place    | Note
-------+----------+-------------------------------------------
     0 | D:1      | Delamore the Gargoyle Fighter began the quest for the Orb.
     0 | D:1      | Reached XP level 1. HP: 14/14 MP: 1/1
   340 | D:1      | Reached XP level 2. HP: 8/19 MP: 2/2
  1199 | D:1      | Reached XP level 3. HP: 24/24 MP: 3/3
  1716 | D:2      | Reached skill level 3 in Maces & Flails
  2067 | D:2      | Identified the +6 war axe of Umoesi Sotu {vamp, rF+ Dex+3}
  2212 | D:3      | Noticed an ice beast
  2221 | D:3      | Killed an ice beast
  2222 | D:3      | Reached skill level 4 in Maces & Flails
  2222 | D:3      | Reached XP level 4. HP: 29/29 MP: 4/4
  2222 | D:3      | Reached XP level 5. HP: 33/33 MP: 5/5
  2225 | D:3      | Found a shadowy altar of Dithmenos.
  2226 | D:3      | Found a hide-covered altar of Uskayaw.
  2226 | D:3      | Found a glowing silver altar of Zin.
  2239 | D:3      | Found a shimmering blue altar of Sif Muna.
  2399 | D:3      | Found an opulent altar of Gozag.
  2408 | D:3      | Became a worshipper of Gozag Ym Sagoz the Greedy
  3043 | D:4      | Reached skill level 5 in Maces & Flails
  3185 | D:4      | Reached XP level 6. HP: 38/38 MP: 6/6
  3216 | D:4      | Noticed an orc warrior
  3233 | D:4      | Slain by an orc warrior

Illustrated notes

Levels and vault maps discovered:
D:1:      onia_arrival_pyramid, layout_basic, minmay_pentomino_q4
D:2:      layout_basic, minmay_tiny_reverse_x
D:3:      layout_basic, mainiacjoe_overflow_alcove_4,
          chequers_temple_overflow_statue_of_worship, minmay_bisected
D:4:      layout_rooms, chequers_temple_overflow_minitemple

Skill      XL: |  1  2  3  4  5 |
---------------+----------------+-----
Maces & Flails | 4 5 |  5.9
Fighting       | 4 |  4.1
Shields        | 4 |  4.0
Armour         | |  3.2

Action                   |  1- 3 |  4- 6 || total
-------------------------+-------+-------++-------
Melee: Flail             |   110 |       ||   110
       War axe           |     8 |    54 ||    62
  Use: Scroll            |     4 |     2 ||     6
Armor: Scale mail        |    55 |    14 ||    69
       Chain mail        |       |    14 ||    14
Dodge: Dodged            |    46 |    19 ||    65
Block: Buckler           |    38 |    19 ||    57

Table legend: (Time is in decaauts)
 A = Elapsed time spent in this place.
 B = Non-inter-level travel time spent in this place.
 C = Inter-level travel time spent in this place.
 D = Time resting spent in this place.
 E = Time spent auto-exploring this place.
 F = Levels seen in this place.
 G = Mean time per level.
                   A        B        C        D        E       F      G
               +--------+--------+--------+--------+--------+-----+--------+
         Total |   3286 |   3189 |     97 |    479 |   2203 |   4 |  821.5 |
       Dungeon |   3286 |   3189 |     97 |    479 |   2203 |   4 |  821.5 |
               +--------+--------+--------+--------+--------+-----+--------+

Top non-repeatable levels by time:
     D:1: 1617 daAuts
     D:3: 866 daAuts
     D:2: 594 daAuts
     D:4: 208 daAuts
